 Dungeon Crawl Stone Soup version 0.25.0-9-g26727b657a (webtiles) character file.

Game seed: 26697905690913457

197 Esekla the Slasher (level 5, -2/26 HPs)
             Began as a Vine Stalker Skald on June 16, 2020.
             Slain by a sky beast (4 damage)
             ... on level 5 of the Dungeon.
             The game lasted 00:11:34 (1936 turns).

Esekla the Slasher (Vine Stalker Skald)             Turns: 1936, Time: 00:11:35

Health: -2/26      AC:  3    Str: 14    XL:     5   Next: 75%
Magic:  0/10       EV: 12    Int: 14    God:
Gold:   129        SH:  0    Dex: 13    Spells: 5/10 levels left

rFire    . . .     SeeInvis .   a - +0 falchion
rCold    . . .     Gourm    .   (no shield)
rNeg     . . .     Faith    .   b - +0 leather armour
rPois    +         Spirit   +   (no helmet)
rElec    .         Reflect  .   (no cloak)
rCorr    .         Harm     .   (no gloves)
MR       .....                  (no boots)
Stlth    +.........             (no amulet)
HPRegen  0.48/turn              o - ring of poison resistance
MPRegen  0.12/turn              (no ring)

@: no status effects
A: fangs 2, regeneration 1, magic shield, antimagic bite, no potion heal 3, rot
immunity
a: no special abilities


You were on level 5 of the Dungeon.
You were very hungry.

You visited 1 branch of the dungeon, and saw 6 of its levels.

You collected 129 gold pieces.

Inventory:

Hand Weapons
 a - a +0 falchion (weapon)
 j - a +0 short sword
 l - a +0 spear
Missiles
 e - 12 poisoned darts (quivered)
Armour
 b - a +0 leather armour (worn)
Jewellery
 o - a ring of poison resistance (left hand)
Wands
 t - a wand of digging (7)
 v - a wand of iceblast (12)
Scrolls
 c - a scroll of noise {unknown}
 g - a scroll of identify {unknown}
 i - 6 scrolls of teleportation {unknown}
 n - a scroll of remove curse {unknown}
 q - a scroll of blinking {unknown}
Potions
 f - 3 potions of stabbing {unknown}
 h - 2 potions of lignification {unknown}
 k - a potion of mutation {unknown}
 m - a potion of flight {unknown}
 p - a potion of degeneration {unknown}
 r - a potion of brilliance {unknown}
 s - 2 potions of heal wounds {unknown}
 u - a potion of curing {unknown}
Comestibles
 d - 5 rations


   Skills:
 + Level 2.2 Fighting
 * Level 3.9 Long Blades
 + Level 1.5 Armour
 + Level 1.9 Dodging
 * Level 3.1 Spellcasting
 - Level 3.0 Charms
 * Level 1.0 Translocations


You had 5 spell levels left.
You knew the following spells:

 Your Spells              Type           Power        Failure   Level  Hunger
a - Infusion              Chrm           ##..         8%          1    #......
g - Shroud of Golubria    Chrm/Tloc      #.....       17%         2    ##.....
s - Song of Slaying       Chrm           ##......     12%         2    ##.....

Your spell library contained the following spells:

 Spells                   Type           Power        Failure   Level  Hunger
 Ozocubu's Armour         Chrm/Ice       #.......     38%         3    ###....
 Spectral Weapon          Hex/Chrm       #.......     38%         3    ###....


Dungeon Overview and Level Annotations

Branches:
Dungeon (6/15)
 Temple: D:4-7

Altars:
Dithmenos
The Shining One

Annotations:
D:6 Edmund


Innate Abilities, Weirdness & Mutations

You have extremely sharp teeth.
Your natural rate of healing is unusually fast.
When hurt, damage is shared between your health and your magic reserves.
Your bite disrupts and absorbs the magic of your enemies.
Potions cannot restore your health.
You are immune to rotting.


Message History

The sky beast is moderately wounded.
The sky beast hits you. The sky beast shocks you.
You hit the sky beast. You bite the sky beast. You drain its power.
You feel invigorated.
The sky beast is moderately wounded.
The sky beast barely misses you.
You closely miss the sky beast.
You bite the sky beast, but do no damage.
The sky beast is moderately wounded.
The sky beast hits you. The sky beast shocks you.
You miss the sky beast.
The sky beast is moderately wounded.
The sky beast hits you. The sky beast shocks you.
* * * LOW HITPOINT WARNING * * *
You closely miss the sky beast.
The sky beast is moderately wounded.
The sky beast hits you.
* * * LOW HITPOINT WARNING * * *
The sky beast shocks you.
You die...

#### ##############
...# #.......<..@.#
##.###.##########Y#
#.#.........# #(#
##.#.#.#####.####.###
.....#.### #.##.....#
.........###.##.###.#
................# ..#
##............#.# .#
##...#....##..#... .#


You could see a sky beast.

Vanquished Creatures
  A crimson imp (D:5)
  2 hounds (D:5)
  A hound zombie (D:5)
  2 oozes (D:1)
  A worm (D:2)
  A dart slug (D:2)
  3 leopard geckos
  An orc (D:3)
  5 bats
  3 giant cockroaches (D:1)
  9 goblins
  9 hobgoblins
  14 jackals
  3 kobolds
  A quokka (D:6)
  2 ball pythons
  4 frilled lizards
  2 rats
64 creatures vanquished.

Notes
Turn   | Place    | Note
-------+----------+-------------------------------------------
     0 | D:1      | Esekla the Vine Stalker Skald began the quest for the Orb.
     0 | D:1      | Reached XP level 1. HP: 11/11 MP: 4/4
   275 | D:1      | Reached XP level 2. HP: 10/15 MP: 3/6
   292 | D:1      | Reached skill level 1 in Armour
   585 | D:2      | Reached XP level 3. HP: 12/18 MP: 4/7
   597 | D:2      | Learned a level 2 spell: Song of Slaying
   600 | D:2      | Learned a level 2 spell: Shroud of Golubria
  1074 | D:1      | Gained mutation: Your natural rate of healing is unusually
                  | fast. [Vine Stalker growth]
  1074 | D:1      | Reached XP level 4. HP: 16/23 MP: 7/9
  1389 | D:2      | Found a glowing golden altar of the Shining One.
  1446 | D:3      | Found a shadowy altar of Dithmenos.
  1587 | D:5      | Entered Level 5 of the Dungeon
  1613 | D:5      | Reached XP level 5. HP: 12/26 MP: 2/10
  1723 | D:6      | Noticed Edmund
  1838 | D:5      | Reached skill level 1 in Translocations
  1925 | D:5      | Noticed a sky beast
  1936 | D:5      | Slain by a sky beast

Illustrated notes

Levels and vault maps discovered:
D:1:      mushboom_english_gardens, layout_basic
D:2:      minmay_chambers_of_ones, layout_rooms, tso_altar, first_ration
D:3:      layout_basic, grunt_dithmenos_smoke_and_mirrors
D:4:      layout_loops_ring, nicolae_overflow_hidden_temple, old_standard_altar,
          serial_shops, shop, nicolae_shop_window_shopping,
          nicolae_shop_crystal, shop
D:5:      layout_loops_ring, evilmike_ruin_ashenzari
D:6:      layout_rooms, elyvilon_altar_4, kennysheep_generic_room_16,
          uniq_edmund

Skill      XL: |  1  2  3  4  5 |
---------------+----------------+-----
Long Blades    | 2 3 |  3.9
Armour         | 1 |  1.5
Fighting       | 2 |  2.2
Spellcasting   | 3 |  3.1
Translocations | 1 |  1.0
Dodging        | |  1.9
Charms         | |  3.0

Action                   |  1- 3 |  4- 6 || total
-------------------------+-------+-------++-------
Melee: Falchion          |   106 |   115 ||   221
       Bite              |    30 |    34 ||    64
Throw: Dart              |       |     1 ||     1
 Cast: Song of Slaying   |     3 |     2 ||     5
       Shroud of Golubri |       |     1 ||     1
  Eat: Chunk             |     1 |     2 ||     3
Armor: Leather armour    |    37 |    22 ||    59
Dodge: Dodged            |    83 |    70 ||   153
       Rpst.: Falchion   |    33 |    26 ||    59
